 Dungeon Crawl Stone Soup version 0.25-a0-443-gece2dee (webtiles) character file.

Game seed: 8873926291384774460, levelgen mode: deterministic

4 Auros the Firebug (level 1, 0/14 HPs)
             Began as a Hill Orc Fire Elementalist on Jan 30, 2020.
             Succumbed to an adder's poison
             ... on level 1 of the Dungeon.
             The game lasted 00:02:39 (216 turns).

Auros the Firebug (Hill Orc Fire Elementalist)       Turns: 216, Time: 00:02:39

Health: 0/14       AC:  2    Str: 10    XL:     1   Next: 70%
Magic:  0/3        EV: 12    Int: 15    God:
Gold:   25         SH:  0    Dex: 11    Spells: 2/3 levels left

rFire    . . .     SeeInvis .   (no weapon)
rCold    + . .     Gourm    .   (no shield)
rNeg     . . .     Faith    .   a - +0 robe
rPois    .         Spirit   .   (no helmet)
rElec    .         Reflect  .   (no cloak)
rCorr    .         Harm     .   (no gloves)
MR       .....                  (no boots)
Stlth    ++........             (no amulet)
HPRegen  0.04/turn              c - ring of protection from cold
MPRegen  0.08/turn              (no ring)

@: lethally poisoned (0 -> -7)
A: no striking features
a: no special abilities


You were on level 1 of the Dungeon.
You were not hungry.

You visited 1 branch of the dungeon, and saw 2 of its levels.

You collected 25 gold pieces.

Inventory:

Missiles
 Z - 34 stones (quivered)
Armour
 a - a +0 robe (worn)
 b - a +0 shield
Jewellery
 c - a ring of protection from cold (left hand)
Scrolls
 d - a scroll of remove curse {unknown}
 e - a scroll of fear {unknown}
Potions
 f - a potion of heal wounds {unknown}
Comestibles
 z - 2 rations


   Skills:
 - Level 1.5 Dodging
 - Level 1.5 Stealth
 + Level 0.8 Shields
 - Level 1.5 Spellcasting
 - Level 1.0 Conjurations
 + Level 3.5 Fire Magic


You had 2 spell levels left.
You knew the following spells:

 Your Spells              Type           Power        Failure   Level  Hunger
a - Foxfire               Conj/Fire      #...         10%         1    ##.....

Your spell library contained the following spells:

 Spells                   Type           Power        Failure   Level  Hunger
 Conjure Flame            Conj/Fire      #.......     28%         3    ####...
 Inner Flame              Hex/Fire       #.......     34%         3    ####...
 Sticky Flame             Conj/Fire      #.......     67%         4    #####..
 Fireball                 Conj/Fire      #.........   95%         5    ######.


Dungeon Overview and Level Annotations

Branches:
Dungeon (2/15)

Altars:


Message History

Nothing appears to happen.
The adder closely misses you. The adder completely misses you.
Casting: Foxfire (safe; 10% risk of failure)
Confirm with . or Enter, or press ? or * to list all spells.
You don't have enough magic to cast that spell.
You hit the adder but do no damage.
The adder is lightly wounded.
The adder bites you.
* * * LOW HITPOINT WARNING * * *
You are lethally poisoned!
The adder poisons you!
You closely miss the adder.
The adder is lightly wounded.
* * * LOW HITPOINT WARNING * * *
You feel sick. The adder misses you.
You barely miss the adder.
The adder is lightly wounded.
The adder misses you. The adder barely misses you.
You closely miss the adder.
You die...

..............#########
......#.###............
......#.# #............ #
#...###............ #
##.(..+............ .
#.(###............ .
##.#.###+#........ ####
#S#.# #....###### ...#
#@#.#####..# ...#
###........# ##.###
#.####.### .....## #...##.#
.......# ###.##.. #####...#
#.##### #...##....
###.#####
#.<.###############.......#
#...##........#.....#####.#


You could see an adder.

Vanquished Creatures
  A giant cockroach (D:1)
  A kobold (D:1)
  A bat (D:2)
  2 frilled lizards (D:2)
5 creatures vanquished.

Vanquished Creatures (others)
  6 foxfires
6 creatures vanquished.

Grand Total: 11 creatures vanquished

Notes
Turn   | Place    | Note
-------+----------+-------------------------------------------
     0 | D:1      | Auros the Hill Orc Fire Elementalist began the quest for
                  | the Orb.
     0 | D:1      | Reached XP level 1. HP: 14/14 MP: 3/3
   216 | D:1      | Succumbed to an adder's poison

Levels and vault maps discovered:
D:1:      dpeg_arrival_circle_labyrinth_b, layout_basic
D:2:      layout_rooms

Action                   || total
-------------------------++-------
Melee: Unarmed           ||    19
 Cast: Foxfire           ||     5
Armor: Robe              ||     7
Dodge: Dodged            ||    22

Table legend:
 A = Non-vault XP
 B = Vault XP
 C = Vault XP percentage of total XP
 D = Non-vault monster count
 E = Vault monster count
 F = Vault count percentage of total count
                 A         B        C        D         E       F
            +---------+---------+-------+---------+---------+-------
      Total |       7 |       0 |   0.0 |       5 |       0 |   0.0
            +---------+---------+-------+---------+---------+-------
        D:1 |       4 |       0 |   0.0 |       2 |       0 |   0.0
        D:2 |       3 |       0 |   0.0 |       3 |       0 |   0.0
            +---------+---------+-------+---------+---------+-------
